 Dungeon Crawl Stone Soup version 0.27.0-1-g7a089689b8 (webtiles) character file.

Game seed: 2060795513504286716

25636 EnegeticOcto the Severer (level 12, -1/112 HPs)
             Began as a Minotaur Fighter on Aug 8, 2021.
             Was an Initiate of Gozag.
             Slain by a nine-headed hydra (9 damage)
             ... on level 13 of the Dungeon.
             The game lasted 00:06:54 (14343 turns).

EnegeticOcto the Severer (Minotaur Fighter)        Turns: 14343, Time: 00:06:55

Health: -1/112     AC: 17    Str: 31    XL:     12   Next: 91%
Magic:  11/11      EV:  8    Int:  5    God:    Gozag
Gold:   2641       SH: 13    Dex: 11    Spells: 11/11 levels left

rFire    . . .     SeeInvis .   l - +4 war axe (spect)
rCold    . . .     Faith    .   c - +0 kite shield
rNeg     . . .     Spirit   .   m - +0 chain mail
rPois    .         Reflect  .   (helmet restricted)
rElec    .         Harm     .   f - +2 cloak
rCorr    .         Rampage  .   (no gloves)
Will     .....                  b - +0 pair of boots
Stlth    ..........             (no amulet)
HPRegen  0.28/turn              z - +6 ring of strength
MPRegen  0.12/turn              (no ring)

@: mighty, lethally poisoned (-1 -> -5), gold aura
A: horns 2, retaliatory headbutt
a: Renounce Religion, Potion Petition, Call Merchant, Bribe Branch


You were on level 13 of the Dungeon.
You worshipped Gozag.
Gozag was most pleased with you.
You visited 1 branch of the dungeon, and saw 13 of its levels.
You also visited: Sewer.

You collected 3136 gold pieces.
You spent 75 gold pieces at shops.
You paid 420 gold pieces to Gozag.

Inventory:

Hand Weapons
 a - a +0 broad axe
 l - a +4 spectral war axe (weapon)
 r - a +0 war axe of flaming
Armour
 b - a +0 pair of boots (worn)
 c - a +0 kite shield (worn)
 f - a +2 cloak (worn)
 m - a +0 chain mail (worn)
 u - +0 swamp dragon scales
Jewellery
 z - a +6 ring of strength (left hand)
Wands
 p - a wand of iceblast (31) {@v2}
 t - a wand of charming (15)
 v - a wand of acid (5) {@v1}
 y - a wand of polymorph (6)
Scrolls
 e - 13 scrolls of teleportation {@r3}
 h - a scroll of fog
 j - 3 scrolls of magic mapping {@r5}
 o - a scroll of enchant weapon
 C - 2 scrolls of fear
Potions
 d - 3 potions of might {@q3}
 g - 2 potions of invisibility
 i - 3 potions of resistance {@q5}
 k - 3 potions of mutation
 n - a potion of attraction
 q - 2 potions of haste {@q4}
 s - a potion of cancellation
 w - 2 potions of flight
 x - a potion of magic
 B - 6 potions of ambrosia


   Skills:
 + Level 12.1 Fighting
 * Level 15.8 Axes
 + Level 12.1 Armour
 + Level 12.1 Shields


You had 11 spell levels left.
You didn't know any spells.
Your spell library was empty.

Dungeon Overview and Level Annotations

Branches:
Dungeon (13/15)            Temple (0/1) D:5            Lair (0/6) D:10
    Orc (0/2) D:12         Vaults (0/5) D:13          Sewer (visited)

Altars:
Dithmenos
Gozag
Hepliaklqana
Okawaru
Trog
Uskayaw
Yredelemnul

Shops:
D:2 [   D:4 *   D:10 =   D:12 *

Annotations:
D:3 3 runed translucent doors, Rayvis's ghost, amateur MiFi
D:7 2 transporters, kr4n3x's ghost, novice GnWn
D:11 exclusions: orange crystal statue and 4 more exclusions


Innate Abilities, Weirdness & Mutations

You have a pair of horns on your head.
You reflexively headbutt those who attack you in melee.


Message History

The two-headed ogre hits your spectral +4 spectral war axe with a +0 dire flail!!
Your spectral weapon shares its damage with you!
The two-headed ogre hits your spectral +4 spectral war axe with a +0 giant spiked club!!
Your spectral weapon shares its damage with you!
Your spectral +4 spectral war axe fades away.
The black mamba bites you.
You are more poisoned.
The black mamba poisons you!
Your Fighting skill increases to level 12!
Your Armour skill increases to level 12!
Your Shields skill increases to level 12!
You closely miss the black mamba.
The black mamba is almost dead.
You slash the centaur warrior!
Your spectral +4 spectral war axe hits the centaur warrior!
Your spectral +4 spectral war axe closely misses the black mamba.
You feel very sick.
The slime creature is no longer distracted by gold.
The six-headed hydra is no longer distracted by gold.
The black mamba closely misses you.
You block the centaur warrior's attack. x2
You slice the black mamba!!
You kill the black mamba!
The black mamba's shape twists and changes as it dies.
You slash the centaur warrior!
Your spectral +4 spectral war axe hits the centaur warrior!
You feel very sick. The centaur warrior barely misses you.
You block the centaur warrior's attack.
Your chain mail prevents you from hitting the centaur warrior.
The centaur warrior is severely wounded.
You barely miss the two-headed ogre.
Your spectral +4 spectral war axe hits the two-headed ogre.
Your spectral +4 spectral war axe hits the centaur warrior!
You feel very sick.
The centaur warrior completely misses your spectral +4 spectral war axe.
The centaur warrior closely misses your spectral +4 spectral war axe.
You slash the centaur warrior!
You kill the centaur warrior!
Your chain mail prevents you from hitting the two-headed ogre.
Your spectral +4 spectral war axe hits the two-headed ogre!
You feel sick. You block the two-headed ogre's attack.
The two-headed ogre hits you with a +0 giant spiked club!
You are too injured to fight recklessly!
You are too injured to fight recklessly!
You are too injured to fight recklessly!
You are too injured to fight recklessly!
You are too injured to fight recklessly!
You are too injured to fight recklessly!
You are too injured to fight recklessly!
You are too injured to fight recklessly!
You are too injured to fight recklessly!
You are too injured to fight recklessly!
You are too injured to fight recklessly!
You are too injured to fight recklessly!
You are too injured to fight recklessly!
You are too injured to fight recklessly!
You are too injured to fight recklessly!
You slash the two-headed ogre! You headbutt the two-headed ogre!
The two-headed ogre is almost dead.
You slash the troll!
Your spectral +4 spectral war axe barely misses the troll.
Your spectral +4 spectral war axe hits the two-headed ogre!
You kill the two-headed ogre!
You feel sick. The troll barely misses you. You block the troll's attack.
The troll claws you but does no damage.
You slash the troll! Your headbutt misses the troll.
The troll is almost dead.
Your spectral +4 spectral war axe hits the troll!
You kill the troll!
Your spectral +4 spectral war axe hits the six-headed hydra!
Your spectral +4 spectral war axe hacks one of the six-headed hydra's heads off!
The five-headed hydra grows two more!
You feel sick.
The slime creature is distracted by your dazzling golden aura.
You swap places.
You feel sick.
The seven-headed hydra bites you but does no damage.
You block the seven-headed hydra's attack.
The seven-headed hydra closely misses you.
You block the seven-headed hydra's attack. x2
The seven-headed hydra closely misses you.
The seven-headed hydra bites you but does no damage.
Items here: $ ( )).
You lop one of the seven-headed hydra's heads off!
The six-headed hydra grows two more!
You slice the eight-headed hydra!!
The eight-headed hydra is heavily wounded.
Your spectral +4 spectral war axe hits the eight-headed hydra!!
Your spectral +4 spectral war axe lops one of the eight-headed hydra's heads off!
The seven-headed hydra grows two more!
Your spectral +4 spectral war axe hits the slime creature!
You feel sick. The nine-headed hydra bites you.
* * * LOW HITPOINT WARNING * * *
You block the nine-headed hydra's attack. x2
The nine-headed hydra bites you!
* * * LOW HITPOINT WARNING * * *
You block the nine-headed hydra's attack.
The nine-headed hydra bites you!
* * * LOW HITPOINT WARNING * * *
The nine-headed hydra barely misses you.
The nine-headed hydra bites you but does no damage.
The nine-headed hydra bites you!
You die...
Your body crumbles into a pile of gold.

####### # $ #....∩# #
.## #.....# #.##.#######
#.....# ......(...
#.:...######.####### #.
#.....#.............
'#..#''####..#.#########
.....J(D§$....##
.......@.....##
##..########## '


You could see a nine-headed hydra, a slime creature and a friendly spectral +4
spectral war axe (summoned).

Vanquished Creatures
  An ironbound preserver (D:13)
  Erolcha (D:10)
  A hydra (D:12)
  2 boulder beetles (D:12)
  3 two-headed ogres
  3 centaur warriors (D:13)
  A tengu warrior (D:13)
  Pikel (D:8)
  A deep elf pyromancer (D:12)
  A cyclops (D:9)
  2 manticores
  A black mamba (shapeshifter) (D:13)
  A gargoyle (D:12)
  Joseph (D:9)
  Maggie (D:8)
  A queen bee (D:12)
  3 meliai (D:12)
  2 trolls (D:13)
  3 hornets
  4 shadows
  A vampire (D:12)
  6 yaks (D:10)
  2 wyverns
  A hog (shapeshifter) (D:13)
  A wraith (D:9)
  A basilisk (D:13)
  A steam dragon (D:9)
  15 vampire mosquitoes
  2 water moccasins
  An acid dragon (D:8)
  Purgy (Sewer)
  2 ice beasts (D:6)
  An orc warrior (D:8)
  A sky beast (D:8)
  2 necrophages
  2 black bears
  10 centaurs
  An ogre (D:6)
  4 phantoms
  3 lemures (D:8)
  2 kobold brigands
  2 bullfrogs
  2 scorpions
  A wyvern zombie (D:5)
  A water moccasin zombie (D:5)
  A troll zombie (D:12)
  30 killer bees
  27 wights
  8 howler monkeys
  A bullfrog zombie (D:4)
  7 centaur zombies
  A human zombie (D:4)
  2 orc priests
  A gnoll shaman (D:5)
  2 hounds
  A centaur skeleton (D:6)
  4 iguanas
  3 orc wizards
  A scorpion zombie (D:4)
  A killer bee zombie (D:9)
  7 ogre zombies (D:12)
  A hound zombie (D:4)
  A hound skeleton (D:4)
  4 howler monkey zombies
  2 mummies (D:4)
  2 howler monkey skeletons
  9 adders
  2 river rats (D:5)
  4 shadow imps
  A white imp (D:6)
  2 ufetubi
  2 adder zombies (D:4)
  5 worms
  3 dart slugs
  22 orcs
  5 ball pythons
  6 endoplasms
  3 giant cockroaches
  10 hobgoblins
  15 kobolds
  2 quokkas
  11 bats
  5 frilled lizards
  15 goblins
  A goblin skeleton (D:12)
  4 goblin zombies (D:12)
  A hobgoblin skeleton (D:12)
  4 hobgoblin zombies (D:12)
  15 orc zombies (D:12)
  10 rats
364 creatures vanquished.

Notes
Turn   | Place    | Note
-------+----------+-------------------------------------------
     0 | D:1      | EnegeticOcto the Minotaur Fighter began the quest for the
                  | Orb.
     0 | D:1      | Reached XP level 1. HP: 19/19 MP: 0/0
   114 | D:1      | Reached XP level 2. HP: 20/27 MP: 1/1
   214 | D:1      | Found an opulent altar of Gozag.
   222 | D:1      | Reached skill level 3 in Axes
   239 | D:1      | Became a worshipper of Gozag Ym Sagoz the Greedy
   560 | D:1      | Found a faded altar of an unknown god.
   568 | D:1      | Reached XP level 3. HP: 25/33 MP: 2/2
  1215 | D:2      | Found Waisik's Antique Armour Shoppe.
  1554 | D:3      | Reached XP level 4. HP: 39/40 MP: 3/3
  1680 | D:3      | Found an iron altar of Okawaru.
  1680 | D:3      | Found a hazy altar of Hepliaklqana.
  1770 | D:3      | Reached skill level 4 in Axes
  2157 | D:3      | Found a runed translucent gate.
  2158 | D:3      | Found a runed translucent gate.
  2160 | D:3      | Found a runed translucent gate.
  2162 | D:3      | Noticed Rayvis's ghost (amateur MiFi)
  2193 | D:3      | Found a shadowy altar of Dithmenos.
  2491 | D:3      | Reached XP level 5. HP: 46/47 MP: 4/4
  3009 | D:4      | Found a basalt altar of Yredelemnul.
  3059 | D:4      | Reached skill level 5 in Axes
  3066 | D:4      | Reached XP level 6. HP: 53/55 MP: 5/5
  3091 | D:4      | Reached skill level 5 in Fighting
  3091 | D:4      | Reached skill level 5 in Armour
  3139 | D:4      | Reached skill level 5 in Shields
  3230 | D:4      | Found Fuoghazo's Assorted Antiques.
  3251 | D:4      | Reached skill level 6 in Axes
  3251 | D:4      | Reached XP level 7. HP: 49/61 MP: 6/6
  3321 | D:4      | Bought a scroll labelled NEMEURI HALIM for 25 gold pieces
  3321 | D:4      | Bought a scroll labelled OFIMUA QUSE for 25 gold pieces
  3321 | D:4      | Bought a scroll labelled SIPEMO GEP LEKK for 25 gold pieces
  4280 | D:5      | Entered Level 5 of the Dungeon
  4558 | D:5      | Found a glowing drain.
  4571 | Sewer    | Entered a sewer
  4640 | Sewer    | Noticed Purgy
  4647 | Sewer    | Killed Purgy
  4823 | D:5      | Reached skill level 7 in Axes
  4860 | D:5      | Found a staircase to the Ecumenical Temple.
  5221 | D:5      | Found a hide-covered altar of Uskayaw.
  5252 | D:5      | Reached XP level 8. HP: 70/70 MP: 7/7
  5521 | D:5      | Reached skill level 8 in Axes
  6128 | D:6      | Reached skill level 9 in Axes
  6557 | D:7      | Noticed a hornet
  6563 | D:7      | Paralysed by a hornet for 2 turns
  6570 | D:7      | Killed a hornet
  6571 | D:7      | Reached XP level 9. HP: 16/79 MP: 8/8
  6881 | D:7      | Found a transporter.
  6904 | D:7      | Found a transporter.
  6905 | D:7      | Noticed kr4n3x's ghost (novice GnWn)
  6913 | D:7      | Paralysed by a hornet for 1 turns
  7381 | D:7      | Reached skill level 10 in Axes
  7788 | D:8      | Noticed Maggie
  7796 | D:8      | Killed Maggie
  8061 | D:8      | Reached skill level 11 in Axes
  8078 | D:8      | Reached XP level 10. HP: 75/90 MP: 9/9
  8320 | D:8      | Noticed Pikel
  8327 | D:8      | Killed Pikel
  8433 | D:8      | Found a bloodstained altar of Trog.
  8926 | D:9      | Noticed a cyclops
  8940 | D:9      | Killed a cyclops
  8941 | D:9      | Reached skill level 12 in Axes
  9079 | D:9      | Noticed Joseph
  9090 | D:9      | Killed Joseph
  9830 | D:10     | Entered Level 10 of the Dungeon
  9999 | D:10     | Noticed Psyche
 10000 | D:10     | Reached XP level 11. HP: 98/99 MP: 10/10
 10001 | D:10     | Noticed Psyche
 10001 | D:10     | Psyche changed into Psyche the black bear
 10005 | D:10     | Killed Psyche the black bear
 10050 | D:10     | Noticed Erolcha
 10059 | D:10     | Killed Erolcha
 10060 | D:10     | Reached skill level 10 in Fighting
 10060 | D:10     | Reached skill level 10 in Armour
 10060 | D:10     | Reached skill level 10 in Shields
 10203 | D:10     | Reached skill level 13 in Axes
 10211 | D:10     | Found a staircase to the Lair.
 10270 | D:10     | Found Bezoyck's Jewellery Shop.
 10985 | D:11     | Noticed an orange crystal statue
 11102 | D:11     | Found a frozen archway.
 11190 | D:11     | Noticed a two-headed ogre
 11201 | D:11     | Killed a two-headed ogre
 11969 | D:12     | Noticed a boulder beetle
 11998 | D:12     | Killed a boulder beetle
 12144 | D:12     | Noticed a two-headed ogre
 12147 | D:12     | Noticed a boulder beetle
 12152 | D:12     | Killed a two-headed ogre
 12153 | D:12     | Reached skill level 14 in Axes
 12160 | D:12     | Killed a boulder beetle
 12655 | D:12     | Reached XP level 12. HP: 38/110 MP: 11/11
 13154 | D:12     | Found a staircase to the Orcish Mines.
 13536 | D:12     | Noticed a four-headed hydra
 13544 | D:12     | Killed a ten-headed hydra
 13937 | D:13     | Reached skill level 15 in Axes
 14009 | D:13     | Noticed a tengu warrior
 14017 | D:13     | Killed a tengu warrior
 14315 | D:13     | Noticed a centaur warrior
 14317 | D:13     | Noticed an ironbound preserver
 14318 | D:13     | Found a gate to the Vaults.
 14320 | D:13     | Noticed a centaur warrior
 14321 | D:13     | Killed a centaur warrior
 14322 | D:13     | Noticed a centaur warrior
 14324 | D:13     | Noticed a two-headed ogre
 14329 | D:13     | Killed an ironbound preserver
 14331 | D:13     | Noticed a six-headed hydra
 14335 | D:13     | Killed a centaur warrior
 14339 | D:13     | Killed a centaur warrior
 14340 | D:13     | Killed a two-headed ogre
 14343 | D:13     | Slain by a nine-headed hydra

Illustrated notes

Levels and vault maps discovered:
D:1:      dpeg_arrival_pits, layout_rooms,
          hellmonk_ecumenical_altar_leap_of_faith, minmay_hexomino_r4
D:2:      layout_loops_ring, serial_shops, shop
D:3:      kennysheep_big_flooded_room, layout_loops_ring,
          grunt_temple_overflow_open, grunt_dithmenos_smoke_and_mirrors,
          gammafunk_ghost_necromancy
D:4:      layout_cave_pods, lemuel_mausoleum_altar_yredelemnul, serial_shops,
          shop
D:5:      minmay_razor_zed, layout_loops_ring, marbit_many_paths,
          minmay_temple_entry_crystal_x, lightli_sewer_entry_pipes,
          chequers_serial_rivers_micro_b
D:6:      layout_loops_cross, minmay_ogre_servants
D:7:      layout_basic, gammafunk_ghost_mausoleum
D:8:      layout_basic, trog_butcher_becter, serial_curves, eino_curves_03,
          eino_curves_02, eino_curves_04, uniq_pikel, uniq_maggie
D:9:      layout_long_grid, uniq_joseph
D:10:     layout_cave_pods, lair_entry_dummy, serial_shops,
          nicolae_shop_behind_doors, uniq_psyche, uniq_erolcha
D:11:     layout_basic, portal_ice_cave_entry_pillars_2, disabler_island
D:12:     layout_basic, zombieorc2_lemuel, minivault_7
D:13:     layout_loops_ring, skrybe_vaults_entry_preservation

Skill      XL: |  1  2  3  4  5  6  7  8  9 10 11 12 |
---------------+-------------------------------------+-----
Axes           | 3 4 5 6 7 9 11 12 14 15 | 15.8
Armour         | 4 5 6 7 8 9 11 12 | 12.1
Fighting       | 4 5 6 7 8 9 11 12 | 12.1
Shields        | 4 5 6 7 8 9 11 12 | 12.1

Action                   |  1- 3 |  4- 6 |  7- 9 | 10-12 || total
-------------------------+-------+-------+-------+-------++-------
Melee: War axe           |    93 |   132 |   275 |   337 ||   837
       Headbutt          |    15 |    22 |    53 |    88 ||   178
Invok: Call Merchant     |       |       |       |     1 ||     1
Evoke: Wand              |       |       |       |     5 ||     5
  Use: Scroll            |       |       |    16 |     7 ||    23
       Potion            |       |       |     1 |     1 ||     2
 Stab: Distracted        |       |       |     3 |    10 ||    13
Armor: Scale mail        |    47 |    35 |       |       ||    82
       Chain mail        |       |    44 |   118 |   139 ||   301
Dodge: Dodged            |    25 |    23 |    56 |    84 ||   188
Block: Kite shield       |    52 |    77 |   138 |   162 ||   429
